AoeStats
← elitedurasteel

Arabia

510417755Analyzed
2v2 RM · 21h ago on Sep 30, 2026· 32m 25s· 4 players
Game mode
Random Map
Map size
Medium (4 player)
Population
200
Speed
Normal
Resources
Standard
Victory
Conquest
Starting age
Dark Age
Ending age
Imperial Age
RankedLock teamsTeams togetherTeam positionsShared explorationLock speedFull tech treeHidden civsTurbo modeCheats
Victory
Defeat
🇺🇸 Vietnamese · United States
1144
+17
🇺🇸 Magyars · United States
1144
+17
🇬🇧 Persians · United Kingdom
1248
-21
🇪🇸 Mongols · Spain
1077
-13
Corgi
6:55 Loom
9:26 Feudal Age
10:29 Double-Bit Axe
14:26 Fletching
19:35 Wheelbarrow
23:05 Castle Age
21:15 Horse Collar
21:27 Gold Mining
21:52 Padded Archer Armor
23:24 Crossbowman
24:08 Bodkin Arrow
24:34 Bow Saw
26:57 Ballistics
28:31 Hand Cart
28:19 Heavy Plow
29:28 Thumb Ring
29:51 Leather Archer Armor
29:32 Stone Mining
JUSTKITTEN
6:43 Loom
9:47 Feudal Age
10:15 Double-Bit Axe
10:42 Horse Collar
20:29 Castle Age
19:48 Scale Barding Armor
20:06 Bloodlines
20:01 Gold Mining
22:02 Chain Barding Armor
23:39 Husbandry
elitedurasteel
6:43 Loom
9:00 Feudal Age
9:24 Double-Bit Axe
13:17 Horse Collar
14:19 Fletching
15:39 Padded Archer Armor
21:18 Castle Age
21:45 Bodkin Arrow
22:54 Husbandry
23:37 Bow Saw
25:02 Ballistics
24:50 Gold Mining
25:49 Bloodlines
27:56 Parthian Tactics
28:40 Leather Archer Armor
Pr8feSS8r
7:16 Loom
9:09 Feudal Age
17:28 Loom
19:57 Castle Age
22:26 Light Cavalry
24:41 Double-Bit Axe
25:53 Horse Collar
28:37 Wheelbarrow
Connection lost

Rejoining the realm…

Still unreachable

The connection could not be restored.

Session expired

The server has moved on; the page needs a fresh start.